Sasquatch vs National

Created - 7 décembre 2012 at 19:33

Goals
1 2 3 T
Sasquatch 0 4 2 6
National 0 2 2 4
Shots
1 2 3 T
Sasquatch 7 11 14 32
National 5 11 16 32

1st period

No Goal

Penalties :
Guillaume Desbiens (Que) for Interference (Minor) at 14:29, Linus Omark (Gat) for Hooking (Minor) at 14:29

2nd period

1. National , Guillaume Desbiens 3 (Daniel Rahimi) at 1:53
2. Sasquatch , Tomas Kurka 5 (Steve Bernier) at 2:03
3. Sasquatch , Andrew Cogliano 3 (Tomas Kurka) at 3:43
4. National , Guillaume Desbiens 4 (Jonathan Cheechoo) at 7:01 (SH)
5. Sasquatch , Tomas Kurka 6 (Steve Bernier, Brian Lee) at 9:45
6. Sasquatch , Aaron Voros 4 (Brian Lee, Andreas Karlsson) at 16:40

Penalties :
Jan Hejda (Que) for Holding (Minor) at 6:02, Linus Omark (Gat) for Hooking (Minor) at 12:53, William Colbert (Que) for Hooking (Minor) at 19:24

3rd period

7. National , Pasi Salonen 3 (Nick Schultz, Jan Hejda) at 0:10 (SH)
8. National , Eric Boulton 11 (Nick Schultz, Jarod Palmer) at 11:11 (PP)
9. Sasquatch , Andrew Cogliano 4 (Steve Bernier, Linus Omark) at 12:10 (PP)
10. Sasquatch , Steve Bernier 9 (Linus Omark, Mark Giordano) at 19:19

Penalties :
Matt Ellison (Gat) for Roughing (Minor) at 7:20, Matt Ellison (Gat) for Hooking (Minor) at 11:07, Eric Boulton (Que) for Roughing (Minor) at 11:28, Nick Schultz (Que) for Holding (Minor) at 11:35, Cody Franson (Gat) for Holding (Minor) at 13:56

Goalie Stats

Cory Schneider (Gat), 28 saves from 32 shots - (0,875), W, 8-1-1, 60:00 minutes
Jeff Frazee (Que), 13 saves from 15 shots - (0,867), L, 2-1-0, 23:20 minutes
Steve Shields (Que), 13 saves from 17 shots - (0,765), 36:40 minutes

Players Stats for Sasquatch

Player Name              G  A  P  +/- PIM S  H  SB GA TA FO     MP     PP MP  PK MP  
------------------------------------------------------------------------------------
Aaron Voros              1  0  1   1  0   3  1  0  0  0  1/1     8:20   0:00   0:49 
Andreas Karlsson         0  1  1  -1  0   1  3  0  0  0  2/4    11:47   0:00   1:33 
Andrew Cogliano          2  0  2   1  0   5  1  0  0  0  26/52  23:40   4:13   3:39 
Brandon Yip              0  0  0   0  0   0  1  2  0  0  0/0    14:51   0:00   3:39 
Brian Lee                0  2  2   5  0   2  3  0  0  2  0/0    25:58   1:08   4:00 
Cody Franson             0  0  0  -1  2   1  1  1  1  0  0/0    18:12   0:00   1:08 
Jiri Novotny             0  0  0   1  0   1  1  0  0  0  3/4     8:43   0:00   0:49 
Kevin Marshall           0  0  0   0  0   1  0  2  0  0  0/0    11:38   0:00   0:27 
Kevin Porter             0  0  0   0  0   2  1  0  1  0  7/10   15:17   1:51   0:00 
Konstantin Pushkarev     0  0  0   1  0   1  0  0  0  0  0/0     7:30   0:00   0:00 
Linus Omark              0  2  2  -1  4   5  2  0  0  1  1/1    17:37   4:13   0:00 
Mark Giordano            0  1  1  -2  0   2  3  1  2  0  0/0    23:10   4:56   2:01 
Mats Zuccarello          0  0  0  -1  0   0  1  1  0  1  0/0    10:10   0:00   0:00 
Matt Ellison             0  0  0   0  4   2  1  0  0  0  1/2    15:16   1:51   0:00 
Ryan Wilson              0  0  0   0  0   0  0  0  0  1  0/0    13:53   1:08   0:42 
Steve Bernier            1  3  4   2  0   2  1  2  0  0  2/3    22:05   4:13   1:33 
Tomas Kurka              2  1  3   3  0   3  3  1  0  0  0/3    16:36   1:51   0:00 
Trevor Daley             0  0  0   2  0   1  1  2  0  1  0/0    27:12   4:56   3:44 

Players Stats for National

Player Name              G  A  P  +/- PIM S  H  SB GA TA FO     MP     PP MP  PK MP  
------------------------------------------------------------------------------------
Ben Maxwell              0  0  0   0  0   0  1  1  0  0  2/7    11:26   0:00   0:00 
Cédric Lalonde-McNicoll  0  0  0  -1  0   1  0  0  0  0  4/11   15:34   2:25   0:00 
Daniel Rahimi            0  1  1   1  0   0  0  0  0  0  0/0     4:49   0:00   0:00 
Dustin Kohn              0  0  0   0  0   1  2  0  0  0  0/0    10:14   0:00   0:00 
Eric Boulton             1  0  1   1  2   4  5  0  0  2  4/9    26:30   3:36   4:02 
Erik Gustafsson          0  0  0   1  0   0  0  0  0  0  0/0     4:49   0:00   0:00 
Guillaume Desbiens       2  0  2   0  2   4  2  0  0  0  3/3    17:46   2:25   1:14 
Igor Makarov             0  0  0  -1  0   2  1  0  0  0  0/0    11:49   0:00   0:00 
James Marcou             0  0  0  -2  0   1  0  0  0  1  1/1     9:16   0:00   0:00 
Jan Hejda                0  1  1  -2  2   8  1  3  1  0  0/1    27:32   3:47   3:33 
Jarod Palmer             0  1  1  -1  0   2  1  0  0  0  13/26  17:15   3:36   0:00 
Jonathan Cheechoo        0  1  1   0  0   0  2  0  1  0  3/6    19:03   3:36   1:14 
Mathieu Carle            0  0  0  -1  0   2  0  0  0  0  0/0    19:03   2:14   1:09 
Nick Schultz             0  2  2  -2  2   5  1  3  1  1  0/0    26:18   3:47   2:56 
Pasi Salonen             1  0  1  -2  0   2  2  0  3  0  3/6    26:06   2:25   4:05 
Philip DeSimone          0  0  0  -2  0   0  0  1  0  0  4/10   12:22   0:00   0:58 
Ty Wishart               0  0  0   0  0   0  0  1  0  0  0/0    12:45   0:00   3:51 
William Colbert          0  0  0  -1  2   0  1  1  0  0  0/0    18:40   2:14   0:38 

3 Stars

1 - Tomas Kurka (Gat)
2 - Steve Bernier (Gat)
3 - Brian Lee (Gat)

Power Play

Sasquatch - 1 on 4 Attempt(s) - 25,00%
National - 1 on 4 Attempt(s) - 25,00%

Penalty Kill

Sasquatch - 3 on 4 Attempt(s) - 75,00% - Score 0 goal in Penalty Kill
National - 3 on 4 Attempt(s) - 75,00% - Score 2 goal in Penalty Kill

Official

Referees : Watson Brad and LaRue Dennis
Linesman : Derek Amell and Steve Barton

Game Notes

Jeff Frazee enters game at 16:40 of 2nd period
7:50 of 3rd period - National goal is going for a video replay. After video review, No Goal. The puck has been kicked using a distinct kicking motion.

Sasquatch

5 vs 5 Forward 
   Center                   Left Wing                Right Wing               Time % Phy DF OF 
 1 Andrew Cogliano          Tomas Kurka              Steve Bernier            40     1   2  2  
 2 Kevin Porter             Linus Omark              Matt Ellison             30     1   2  2  
 3 Andreas Karlsson         Mats Zuccarello          Brandon Yip              20     1   2  2  
 4 Jiri Novotny             Aaron Voros              Konstantin Pushkarev     10     1   2  2  

5 vs 5 Defense 
   Defense                  Defense                                           Time % Phy DF OF 
 1 Brian Lee                Trevor Daley                                      40     1   2  2  
 2 Mark Giordano            Cody Franson                                      30     1   2  2  
 3 Ryan Wilson              Kevin Marshall                                    20     1   2  2  
 4 Brian Lee                Cody Franson                                      10     1   2  2  

PowerPlay Forward 
   Center                   Left Wing                Right Wing               Time % Phy DF OF 
 1 Andrew Cogliano          Linus Omark              Steve Bernier            60     1   2  2  
 2 Kevin Porter             Tomas Kurka              Matt Ellison             40     1   2  2  

PowerPlay Defense
   Defense                  Defense                                           Time % Phy DF OF 
 1 Mark Giordano            Trevor Daley                                      60     1   2  2  
 2 Ryan Wilson              Brian Lee                                         40     1   2  2  

Penalty Kill 4 Players Forward 
   Center                   Wing                     Time % Phy DF OF 
 1 Andrew Cogliano          Brandon Yip              60     1   2  2  
 2 Andreas Karlsson         Steve Bernier            40     1   2  2  

Penalty Kill 4 Players Defense
   Defense                  Defense                  Time % Phy DF OF 
 1 Brian Lee                Trevor Daley             60     1   2  2  
 2 Mark Giordano            Cody Franson             40     1   2  2  

Penalty Kill - 3 Players Forward 
   Forward                                           Time % Phy DF OF 
 1 Andrew Cogliano                                   60     1   2  2  
 2 Andreas Karlsson                                  40     1   2  2  

Penalty Kill - 3 Players Defense
   Defense                  Defense                  Time % Phy DF OF 
 1 Cody Franson             Trevor Daley             60     1   2  2  
 2 Mark Giordano            Brian Lee                40     1   2  2  

4 vs 4 Forward 
   Center                   Wing                     Time % Phy DF OF 
 1 Andrew Cogliano          Steve Bernier            60     1   2  2  
 2 Kevin Porter             Matt Ellison             40     1   2  2  

4 vs 4 Defense
   Defense                  Defense                  Time % Phy DF OF 
 1 Brian Lee                Trevor Daley             60     1   2  2  
 2 Mark Giordano            Cody Franson             40     1   2  2  

Last Minutes Offensive
   Center                   Left Wing                Right Wing               Defense                  Defense                  
   Andrew Cogliano          Tomas Kurka              Steve Bernier            Trevor Daley             Brian Lee                

Last Minutes Defensive
   Center                   Left Wing                Right Wing               Defense                  Defense                  
   Andrew Cogliano          Linus Omark              Steve Bernier            Mark Giordano            Brian Lee                

Goaltenders
Starting : Cory Schneider           
Backup : Curtis Sanford           

Extra Forwards
Normal : Brandon Yip, Kevin Porter, Jiri Novotny - PP : Brandon Yip, Kevin Porter - PK : Jiri Novotny
Extra Defensemen
Normal : Ryan Wilson, Trevor Daley, Mark Giordano - PP : Cody Franson - PK : Ryan Wilson, Kevin Marshall
Penalty Shots
Andrew Cogliano, Linus Omark, Andreas Karlsson, Jiri Novotny, Mats Zuccarello

National

5 vs 5 Forward 
   Center                   Left Wing                Right Wing               Time % Phy DF OF 
 1 Jarod Palmer             Eric Boulton             Jonathan Cheechoo        40     1   1  3  
 2 Cédric Lalonde-McNicoll  Pasi Salonen             Guillaume Desbiens       30     1   1  3  
 3 Ben Maxwell              Eric Boulton             Igor Makarov             20     1   3  1  
 4 Philip DeSimone          Pasi Salonen             James Marcou             10     1   2  2  

5 vs 5 Defense 
   Defense                  Defense                                           Time % Phy DF OF 
 1 Nick Schultz             Jan Hejda                                         40     1   1  3  
 2 William Colbert          Mathieu Carle                                     30     1   1  3  
 3 Dustin Kohn              Ty Wishart                                        20     1   3  1  
 4 Erik Gustafsson          Daniel Rahimi                                     10     1   2  2  

PowerPlay Forward 
   Center                   Left Wing                Right Wing               Time % Phy DF OF 
 1 Jarod Palmer             Eric Boulton             Jonathan Cheechoo        60     1   0  4  
 2 Cédric Lalonde-McNicoll  Pasi Salonen             Guillaume Desbiens       40     1   0  4  

PowerPlay Defense
   Defense                  Defense                                           Time % Phy DF OF 
 1 Nick Schultz             Jan Hejda                                         60     1   1  3  
 2 William Colbert          Mathieu Carle                                     40     1   1  3  

Penalty Kill 4 Players Forward 
   Center                   Wing                     Time % Phy DF OF 
 1 Eric Boulton             Pasi Salonen             60     1   3  1  
 2 Jonathan Cheechoo        Guillaume Desbiens       40     1   3  1  

Penalty Kill 4 Players Defense
   Defense                  Defense                  Time % Phy DF OF 
 1 Nick Schultz             Jan Hejda                60     1   3  1  
 2 William Colbert          Mathieu Carle            40     1   3  1  

Penalty Kill - 3 Players Forward 
   Forward                                           Time % Phy DF OF 
 1 Eric Boulton                                      60     1   3  1  
 2 Pasi Salonen                                      40     1   3  1  

Penalty Kill - 3 Players Defense
   Defense                  Defense                  Time % Phy DF OF 
 1 Nick Schultz             Jan Hejda                60     1   3  1  
 2 William Colbert          Mathieu Carle            40     1   3  1  

4 vs 4 Forward 
   Center                   Wing                     Time % Phy DF OF 
 1 Eric Boulton             Pasi Salonen             60     1   1  3  
 2 Jonathan Cheechoo        Guillaume Desbiens       40     1   1  3  

4 vs 4 Defense
   Defense                  Defense                  Time % Phy DF OF 
 1 Nick Schultz             Jan Hejda                60     1   2  2  
 2 William Colbert          Mathieu Carle            40     1   2  2  

Last Minutes Offensive
   Center                   Left Wing                Right Wing               Defense                  Defense                  
   Jarod Palmer             Eric Boulton             Jonathan Cheechoo        Nick Schultz             Jan Hejda                

Last Minutes Defensive
   Center                   Left Wing                Right Wing               Defense                  Defense                  
   Jarod Palmer             Eric Boulton             Jonathan Cheechoo        Nick Schultz             Jan Hejda                

Goaltenders
Starting : Steve Shields            
Backup : Jeff Frazee              

Extra Forwards
Normal : Igor Makarov, Ben Maxwell, Philip DeSimone - PP : Igor Makarov, Ben Maxwell - PK : Philip DeSimone
Extra Defensemen
Normal : Dustin Kohn, Ty Wishart, Erik Gustafsson - PP : Dustin Kohn - PK : Ty Wishart, Erik Gustafsson
Penalty Shots
Eric Boulton, Pasi Salonen, Jonathan Cheechoo, Guillaume Desbiens, Igor Makarov

% Time on Ice - Sasquatch

Lines # - Real PCT - Wanted PCT - Time Play
Normal Forward
1 - 32% - 40% - 14:42
2 - 29% - 30% - 13:01
3 - 22% - 20% - 10:10
4 - 17% - 10% - 7:30
Normal Defense
1 - 38% - 40% - 17:11
2 - 32% - 30% - 14:34
3 - 24% - 20% - 11:02
4 - 6% - 10% - 2:36
PP Forward
1 - 70% - 60% - 4:13
2 - 30% - 40% - 1:51
PP Defense
1 - 81% - 60% - 4:56
2 - 19% - 40% - 1:08
PK Forward
1 - 74% - 60% - 4:28
2 - 26% - 40% - 1:33
PK Defense
1 - 62% - 60% - 3:44
2 - 38% - 40% - 2:17
PK3 Forward
1 - 0% - 60%
2 - 0% - 40%
PK3 Defense
1 - 0% - 60%
2 - 0% - 40%
44 Forward
1 - 76% - 60% - 1:30
2 - 24% - 40% - 0:29
44 Defense
1 - 68% - 60% - 1:21
2 - 32% - 40% - 0:38
Last Minute Offensive  - 0:00
Last Minute Defensive  - 0:33
Total
Forward - 60:00
Defense - 60:00

% Time on Ice - National

Lines # - Real PCT - Wanted PCT - Time Play
Normal Forward
1 - 29% - 40% - 13:18
2 - 34% - 30% - 15:35
3 - 17% - 20% - 7:43
4 - 19% - 10% - 8:46
Normal Defense
1 - 38% - 40% - 17:26
2 - 33% - 30% - 14:45
3 - 18% - 20% - 8:22
4 - 11% - 10% - 4:49
PP Forward
1 - 60% - 60% - 3:36
2 - 40% - 40% - 2:25
PP Defense
1 - 63% - 60% - 3:47
2 - 37% - 40% - 2:14
PK Forward
1 - 78% - 60% - 4:15
2 - 22% - 40% - 1:14
PK Defense
1 - 79% - 60% - 4:20
2 - 21% - 40% - 1:09
PK3 Forward
1 - 100% - 60% - 0:35
2 - 0% - 40% - 0:00
PK3 Defense
1 - 100% - 60% - 0:35
2 - 0% - 40% - 0:00
44 Forward
1 - 76% - 60% - 1:31
2 - 24% - 40% - 0:28
44 Defense
1 - 54% - 60% - 1:04
2 - 46% - 40% - 0:55
Last Minute Offensive  - 0:34
Last Minute Defensive  - 0:00
Total
Forward - 60:00
Defense - 60:00

Play by Play

1st period


0:01 of 1st period - Jarod Palmer wins face-off versus Andrew Cogliano in neutral zone.
0:52 of 1st period - Trevor Daley is hit by Eric Boulton and loses puck.
1:31 of 1st period - Slapshot by Eric Boulton.
1:31 of 1st period - Deflect By Cody Franson.
1:31 of 1st period - Shot Misses the Net.
1:31 of 1st period - Puck is out of play.
1:32 of 1st period - Matt Ellison wins face-off versus Jarod Palmer in Sasquatch zone.
1:37 of 1st period - Snap shot by Kevin Porter.
1:37 of 1st period - Deflect By Matt Ellison.
1:37 of 1st period - Stopped by Steve Shields with a rebound.
1:43 of 1st period - Linus Omark is hit by Eric Boulton.
2:04 of 1st period - Snap shot by Andrew Cogliano.
2:04 of 1st period - Shot Misses the Net.
3:09 of 1st period - Snap shot by Guillaume Desbiens.
3:09 of 1st period - Stopped by Cory Schneider with a rebound.
3:11 of 1st period - Snap shot by Ben Maxwell.
3:11 of 1st period - Deflect By Cédric Lalonde-McNicoll.
3:11 of 1st period - Shot Blocked by Kevin Marshall.
3:11 of 1st period - Puck is out of play.
3:12 of 1st period - Jiri Novotny wins face-off versus Cédric Lalonde-McNicoll in Sasquatch zone.
3:12 of 1st period - Jiri Novotny is hit by Ben Maxwell.
3:28 of 1st period - Snap shot by Guillaume Desbiens.
3:28 of 1st period - Shot Misses the Net.
4:03 of 1st period - Trevor Daley is hit by Guillaume Desbiens and loses puck.
4:32 of 1st period - Slapshot by Nick Schultz.
4:32 of 1st period - Shot Misses the Net.
4:36 of 1st period - Wrist shot by Cédric Lalonde-McNicoll.
4:36 of 1st period - Shot Misses the Net.
4:38 of 1st period - Wrist shot by Ben Maxwell.
4:38 of 1st period - Shot Misses the Net.
4:40 of 1st period - Snap shot by Jan Hejda.
4:40 of 1st period - Stopped by Cory Schneider without a rebound.
4:41 of 1st period - Andrew Cogliano wins face-off versus Jarod Palmer in Sasquatch zone.
4:41 of 1st period - Andrew Cogliano is hit by Eric Boulton.
5:33 of 1st period - Eric Boulton is hit by Mats Zuccarello and loses puck.
6:33 of 1st period - Snap shot by Andreas Karlsson.
6:33 of 1st period - Shot Blocked by Nick Schultz.
8:17 of 1st period - Dustin Kohn is hit by Mark Giordano and loses puck.
8:30 of 1st period - Eric Boulton is hit by Matt Ellison and loses puck.
8:39 of 1st period - Trevor Daley is hit by Jonathan Cheechoo and loses puck.
10:35 of 1st period - Linus Omark is hit by Jonathan Cheechoo and loses puck.
12:38 of 1st period - Andreas Karlsson is hit by Dustin Kohn and loses puck.
13:01 of 1st period - Slapshot by Brian Lee.
13:01 of 1st period - Shot Misses the Net.
13:03 of 1st period - Wrist shot by Matt Ellison.
13:03 of 1st period - Stopped by Steve Shields without a rebound.
13:04 of 1st period - Ben Maxwell wins face-off versus Tomas Kurka in National zone.
13:06 of 1st period - Icing by Jan Hejda.
13:07 of 1st period - Andrew Cogliano wins face-off versus Jan Hejda in National zone.
13:12 of 1st period - Snap shot by Tomas Kurka.
13:12 of 1st period - Deflect By Igor Makarov.
13:12 of 1st period - Shot Misses the Net.
13:12 of 1st period - Puck is out of play.
13:13 of 1st period - Andrew Cogliano wins face-off versus Jarod Palmer in National zone.
13:25 of 1st period - Icing by Tomas Kurka.
13:26 of 1st period - Andrew Cogliano wins face-off versus Jarod Palmer in Sasquatch zone.
13:39 of 1st period - Slapshot by Tomas Kurka.
13:39 of 1st period - Shot Misses the Net.
13:41 of 1st period - Wrist shot by Andrew Cogliano.
13:41 of 1st period - Stopped by Steve Shields with a rebound.
13:43 of 1st period - Wrist shot by Tomas Kurka.
13:43 of 1st period - Shot Blocked by Nick Schultz.
13:51 of 1st period - Wrist shot by Tomas Kurka.
13:51 of 1st period - Shot Misses the Net.
13:53 of 1st period - Wrist shot by Mark Giordano.
13:53 of 1st period - Shot Hit the Post.
13:55 of 1st period - Slapshot by Mark Giordano.
13:55 of 1st period - Shot Blocked by Jan Hejda.
13:57 of 1st period - Backhand shot by Andrew Cogliano.
13:57 of 1st period - Stopped by Steve Shields with a rebound.
13:59 of 1st period - Wrist shot by Andrew Cogliano.
13:59 of 1st period - Stopped by Steve Shields without a rebound.
14:00 of 1st period - Cédric Lalonde-McNicoll wins face-off versus Kevin Porter in National zone.
14:00 of 1st period - Cédric Lalonde-McNicoll is hit by Kevin Porter.
14:08 of 1st period - Snap shot by Matt Ellison.
14:08 of 1st period - Deflect By Linus Omark.
14:08 of 1st period - Deflect By Dustin Kohn.
14:08 of 1st period - Stopped by Steve Shields without a rebound.
14:09 of 1st period - Kevin Porter wins face-off versus Pasi Salonen in National zone.
14:29 of 1st period - Minor Penalty to Guillaume Desbiens for Interference.
14:29 of 1st period - Minor Penalty to Linus Omark for Hooking.
14:30 of 1st period - Eric Boulton wins face-off versus Andrew Cogliano in Sasquatch zone.
14:53 of 1st period - Pasi Salonen is hit by Steve Bernier and loses puck.
15:09 of 1st period - Snap shot by Andrew Cogliano.
15:09 of 1st period - Deflect By Steve Bernier.
15:09 of 1st period - Shot Blocked by Nick Schultz.
15:09 of 1st period - Puck is out of play.
15:10 of 1st period - Andrew Cogliano wins face-off versus Eric Boulton in National zone.
15:37 of 1st period - Jan Hejda is hit by Mark Giordano and loses puck.
16:01 of 1st period - Philip DeSimone is hit by Jiri Novotny.
16:09 of 1st period - Philip DeSimone is hit by Cody Franson and loses puck.
16:29 of 1st period - Penalty to Guillaume Desbiens is over, Guillaume Desbiens is back on ice.
16:29 of 1st period - Penalty to Linus Omark is over, Linus Omark is back on ice.
17:14 of 1st period - Slapshot by Jonathan Cheechoo.
17:14 of 1st period - Shot Misses the Net.
17:22 of 1st period - Snap shot by Kevin Porter.
17:22 of 1st period - Stopped by Steve Shields without a rebound.
17:23 of 1st period - Philip DeSimone wins face-off versus Andrew Cogliano in National zone.
17:34 of 1st period - Slapshot by Dustin Kohn.
17:34 of 1st period - Stopped by Cory Schneider with a rebound.
17:48 of 1st period - Cody Franson is hit by Jarod Palmer and loses puck.
18:44 of 1st period - James Marcou is hit by Brandon Yip and loses puck.
19:04 of 1st period - Slapshot by Philip DeSimone.
19:04 of 1st period - Shot Misses the Net.
19:06 of 1st period - Wrist shot by Pasi Salonen.
19:06 of 1st period - Shot Blocked by Kevin Marshall.
19:08 of 1st period - Wrist shot by Philip DeSimone.
19:08 of 1st period - Shot Misses the Net.
19:10 of 1st period - Slapshot by James Marcou.
19:10 of 1st period - Stopped by Cory Schneider without a rebound.
19:11 of 1st period - Andrew Cogliano wins face-off versus Jarod Palmer in Sasquatch zone.
19:18 of 1st period - Slapshot by Jan Hejda.
19:18 of 1st period - Shot Misses the Net.
19:20 of 1st period - Wrist shot by Jarod Palmer.
19:20 of 1st period - Stopped by Cory Schneider with a rebound.

2nd period


0:01 of 2nd period - Jarod Palmer wins face-off versus Andrew Cogliano in neutral zone.
0:50 of 2nd period - Snap shot by Eric Boulton.
0:50 of 2nd period - Deflect By Igor Makarov.
0:50 of 2nd period - Shot Blocked by Mark Giordano.
0:50 of 2nd period - Puck is out of play.
0:51 of 2nd period - Andrew Cogliano wins face-off versus Ben Maxwell in Sasquatch zone.
0:56 of 2nd period - William Colbert is hit by Andrew Cogliano and loses puck.
1:11 of 2nd period - Wrist shot by Mathieu Carle.
1:11 of 2nd period - Shot Misses the Net.
1:13 of 2nd period - Slapshot by William Colbert.
1:13 of 2nd period - Shot Misses the Net.
1:21 of 2nd period - Snap shot by Eric Boulton.
1:21 of 2nd period - Stopped by Cory Schneider with a rebound.
1:27 of 2nd period - Kevin Porter is hit by Eric Boulton and loses puck.
1:40 of 2nd period - Cody Franson is hit by Pasi Salonen and loses puck.
1:53 of 2nd period - Snap shot by Guillaume Desbiens.
1:53 of 2nd period - Goal by Guillaume Desbiens - Sasquatch : 0 - National : 1.
1:54 of 2nd period - Andrew Cogliano wins face-off versus Cédric Lalonde-McNicoll in neutral zone.
2:03 of 2nd period - Snap shot by Tomas Kurka.
2:03 of 2nd period - Goal by Tomas Kurka - Sasquatch : 1 - National : 1.
2:04 of 2nd period - Andrew Cogliano wins face-off versus Jarod Palmer in neutral zone.
2:07 of 2nd period - Slapshot by Brian Lee.
2:07 of 2nd period - Shot Misses the Net.
2:12 of 2nd period - Off-side.
2:13 of 2nd period - Jarod Palmer wins face-off versus Andrew Cogliano in neutral zone.
2:15 of 2nd period - Off-side.
2:16 of 2nd period - Jarod Palmer wins face-off versus Andrew Cogliano in neutral zone.
2:19 of 2nd period - Snap shot by Nick Schultz.
2:19 of 2nd period - Deflect By Jonathan Cheechoo.
2:19 of 2nd period - Shot Misses the Net.
2:19 of 2nd period - Puck is out of play.
2:20 of 2nd period - Jonathan Cheechoo wins face-off versus Tomas Kurka in Sasquatch zone.
2:27 of 2nd period - Slapshot by Jan Hejda.
2:27 of 2nd period - Deflect By Eric Boulton.
2:27 of 2nd period - Shot Misses the Net.
2:27 of 2nd period - Puck is out of play.
2:28 of 2nd period - Andrew Cogliano wins face-off versus Jarod Palmer in Sasquatch zone.
2:53 of 2nd period - Jarod Palmer is hit by Andreas Karlsson and loses puck.
3:16 of 2nd period - Trevor Daley is hit by Guillaume Desbiens and loses puck.
3:37 of 2nd period - William Colbert is hit by Tomas Kurka.
3:43 of 2nd period - Wrist shot by Andrew Cogliano.
3:43 of 2nd period - Goal by Andrew Cogliano - Sasquatch : 2 - National : 1.
3:44 of 2nd period - Andrew Cogliano wins face-off versus Jarod Palmer in neutral zone.
4:35 of 2nd period - Andreas Karlsson is hit by Dustin Kohn and loses puck.
4:58 of 2nd period - Slapshot by Brian Lee.
4:58 of 2nd period - Stopped by Steve Shields with a rebound.
5:00 of 2nd period - Slapshot by Kevin Marshall.
5:00 of 2nd period - Stopped by Steve Shields without a rebound.
5:01 of 2nd period - Andrew Cogliano wins face-off versus Philip DeSimone in National zone.
5:05 of 2nd period - Icing by Mathieu Carle.
5:06 of 2nd period - James Marcou wins face-off versus Andrew Cogliano in National zone.
5:46 of 2nd period - Slapshot by Mathieu Carle.
5:46 of 2nd period - Stopped by Cory Schneider without a rebound.
5:47 of 2nd period - Andrew Cogliano wins face-off versus Jarod Palmer in Sasquatch zone.
5:47 of 2nd period - Andrew Cogliano is hit by Eric Boulton.
5:55 of 2nd period - Snap shot by Nick Schultz.
5:55 of 2nd period - Stopped by Cory Schneider without a rebound.
5:56 of 2nd period - Jarod Palmer wins face-off versus Andrew Cogliano in Sasquatch zone.
6:02 of 2nd period - Minor Penalty to Jan Hejda for Holding.
6:03 of 2nd period - Andrew Cogliano wins face-off versus Eric Boulton in National zone.
6:04 of 2nd period - Backhand shot by Steve Bernier.
6:04 of 2nd period - Stopped by Steve Shields without a rebound.
6:05 of 2nd period - Eric Boulton wins face-off versus Andrew Cogliano in National zone.
6:05 of 2nd period - Eric Boulton is hit by Trevor Daley.
6:15 of 2nd period - Eric Boulton is hit by Linus Omark and loses puck.
6:25 of 2nd period - Icing by Mark Giordano.
6:26 of 2nd period - Eric Boulton wins face-off versus Andrew Cogliano in Sasquatch zone.
6:59 of 2nd period - Icing by Andrew Cogliano.
7:00 of 2nd period - Jonathan Cheechoo wins face-off versus Andrew Cogliano in Sasquatch zone.
7:01 of 2nd period - Wrist shot by Guillaume Desbiens.
7:01 of 2nd period - Goal by Guillaume Desbiens - Sasquatch : 2 - National : 2.
7:02 of 2nd period - Andrew Cogliano wins face-off versus Pasi Salonen in neutral zone.
7:15 of 2nd period - Wrist shot by Eric Boulton.
7:15 of 2nd period - Shot Misses the Net.
8:02 of 2nd period - Penalty to Jan Hejda is over, Jan Hejda is back on ice.
8:18 of 2nd period - Andreas Karlsson is hit by Igor Makarov and loses puck.
8:29 of 2nd period - Konstantin Pushkarev is hit by Jan Hejda and loses puck.
9:06 of 2nd period - Icing by James Marcou.
9:07 of 2nd period - Philip DeSimone wins face-off versus Jiri Novotny in National zone.
9:31 of 2nd period - Off-side.
9:32 of 2nd period - Andrew Cogliano wins face-off versus Cédric Lalonde-McNicoll in neutral zone.
9:45 of 2nd period - Wrist shot by Tomas Kurka.
9:45 of 2nd period - Goal by Tomas Kurka - Sasquatch : 3 - National : 2.
9:46 of 2nd period - Jarod Palmer wins face-off versus Andrew Cogliano in neutral zone.
10:11 of 2nd period - Brian Lee is hit by Pasi Salonen.
10:53 of 2nd period - Slapshot by Mark Giordano.
10:53 of 2nd period - Deflect By Jiri Novotny.
10:53 of 2nd period - Stopped by Steve Shields with a rebound.
10:55 of 2nd period - Snap shot by Konstantin Pushkarev.
10:55 of 2nd period - Stopped by Steve Shields without a rebound.
10:56 of 2nd period - Jarod Palmer wins face-off versus Andrew Cogliano in National zone.
11:05 of 2nd period - Snap shot by Tomas Kurka.
11:05 of 2nd period - Shot Misses the Net.
11:13 of 2nd period - Jonathan Cheechoo is hit by Tomas Kurka and loses puck.
11:55 of 2nd period - Wrist shot by Andreas Karlsson.
11:55 of 2nd period - Shot Misses the Net.
12:53 of 2nd period - Minor Penalty to Linus Omark for Hooking.
12:54 of 2nd period - Eric Boulton wins face-off versus Andrew Cogliano in Sasquatch zone.
12:55 of 2nd period - Slapshot by Jan Hejda.
12:55 of 2nd period - Stopped by Cory Schneider without a rebound.
12:56 of 2nd period - Jarod Palmer wins face-off versus Andrew Cogliano in Sasquatch zone.
12:57 of 2nd period - Slapshot by Nick Schultz.
12:57 of 2nd period - Stopped by Cory Schneider with a rebound.
13:01 of 2nd period - Snap shot by Jan Hejda.
13:01 of 2nd period - Shot Blocked by Brandon Yip.
13:03 of 2nd period - Wrist shot by Jan Hejda.
13:03 of 2nd period - Deflect By Eric Boulton.
13:03 of 2nd period - Stopped by Cory Schneider without a rebound.
13:04 of 2nd period - Andrew Cogliano wins face-off versus Jarod Palmer in Sasquatch zone.
13:56 of 2nd period - Snap shot by Pasi Salonen.
13:56 of 2nd period - Deflect By Cédric Lalonde-McNicoll.
13:56 of 2nd period - Stopped by Cory Schneider without a rebound.
13:57 of 2nd period - Andrew Cogliano wins face-off versus Cédric Lalonde-McNicoll in Sasquatch zone.
14:32 of 2nd period - Snap shot by Andreas Karlsson.
14:32 of 2nd period - Shot Misses the Net.
14:53 of 2nd period - Penalty to Linus Omark is over, Linus Omark is back on ice.
16:38 of 2nd period - Slapshot by Brian Lee.
16:38 of 2nd period - Stopped by Steve Shields with a rebound.
16:40 of 2nd period - Snap shot by Aaron Voros.
16:40 of 2nd period - Goal by Aaron Voros - Sasquatch : 4 - National : 2.
16:40 of 2nd period - Jeff Frazee enters game.
16:41 of 2nd period - Cédric Lalonde-McNicoll wins face-off versus Kevin Porter in neutral zone.
16:44 of 2nd period - Cody Franson is hit by William Colbert and loses puck.
16:55 of 2nd period - Wrist shot by Pasi Salonen.
16:55 of 2nd period - Shot Blocked by Cody Franson.
17:05 of 2nd period - Eric Boulton is hit by Mark Giordano and loses puck.
17:30 of 2nd period - Snap shot by Pasi Salonen.
17:30 of 2nd period - Deflect By Mats Zuccarello.
17:30 of 2nd period - Stopped by Cory Schneider without a rebound.
17:31 of 2nd period - Kevin Porter wins face-off versus Philip DeSimone in Sasquatch zone.
17:42 of 2nd period - Backhand shot by Matt Ellison.
17:42 of 2nd period - Shot Misses the Net.
17:44 of 2nd period - Wrist shot by Matt Ellison.
17:44 of 2nd period - Shot Misses the Net.
17:46 of 2nd period - Snap shot by Cody Franson.
17:46 of 2nd period - Shot Blocked by Philip DeSimone.
18:03 of 2nd period - Eric Boulton is hit by Brian Lee and loses puck.
18:24 of 2nd period - Off-side.
18:25 of 2nd period - Guillaume Desbiens wins face-off versus Andrew Cogliano in neutral zone.
18:51 of 2nd period - Wrist shot by Igor Makarov.
18:51 of 2nd period - Stopped by Cory Schneider with a rebound.
19:24 of 2nd period - Minor Penalty to William Colbert for Hooking.
19:25 of 2nd period - Linus Omark wins face-off versus Pasi Salonen in National zone.
19:37 of 2nd period - Snap shot by Linus Omark.
19:37 of 2nd period - Stopped by Jeff Frazee with a rebound.
19:39 of 2nd period - Snap shot by Andrew Cogliano.
19:39 of 2nd period - Shot Blocked by Jan Hejda.
19:41 of 2nd period - Snap shot by Steve Bernier.
19:41 of 2nd period - Shot Misses the Net.

3rd period


0:01 of 3rd period - Pasi Salonen wins face-off versus Andrew Cogliano in neutral zone.
0:10 of 3rd period - Wrist shot by Pasi Salonen.
0:10 of 3rd period - Goal by Pasi Salonen - Sasquatch : 4 - National : 3.
0:11 of 3rd period - Andrew Cogliano wins face-off versus Eric Boulton in neutral zone.
0:24 of 3rd period - Snap shot by Andrew Cogliano.
0:24 of 3rd period - Shot Misses the Net.
1:24 of 3rd period - Penalty to William Colbert is over, William Colbert is back on ice.
1:32 of 3rd period - Snap shot by Andreas Karlsson.
1:32 of 3rd period - Deflect By Nick Schultz.
1:32 of 3rd period - Stopped by Jeff Frazee without a rebound.
1:33 of 3rd period - Pasi Salonen wins face-off versus Andreas Karlsson in National zone.
2:06 of 3rd period - Snap shot by William Colbert.
2:06 of 3rd period - Shot Misses the Net.
2:08 of 3rd period - Slapshot by Mathieu Carle.
2:08 of 3rd period - Stopped by Cory Schneider without a rebound.
2:09 of 3rd period - Cédric Lalonde-McNicoll wins face-off versus Tomas Kurka in Sasquatch zone.
2:16 of 3rd period - Slapshot by Nick Schultz.
2:16 of 3rd period - Shot Blocked by Steve Bernier.
2:18 of 3rd period - Slapshot by Jan Hejda.
2:18 of 3rd period - Deflect By Tomas Kurka.
2:18 of 3rd period - Stopped by Cory Schneider without a rebound.
2:19 of 3rd period - Andrew Cogliano wins face-off versus Cédric Lalonde-McNicoll in Sasquatch zone.
2:39 of 3rd period - Wrist shot by Tomas Kurka.
2:39 of 3rd period - Deflect By Andrew Cogliano.
2:39 of 3rd period - Shot Misses the Net.
2:39 of 3rd period - Puck is out of play.
2:40 of 3rd period - Kevin Porter wins face-off versus Jonathan Cheechoo in National zone.
2:43 of 3rd period - Wrist shot by Linus Omark.
2:43 of 3rd period - Stopped by Jeff Frazee with a rebound.
3:28 of 3rd period - Wrist shot by Eric Boulton.
3:28 of 3rd period - Shot Misses the Net.
3:48 of 3rd period - Snap shot by Aaron Voros.
3:48 of 3rd period - Stopped by Jeff Frazee with a rebound.
3:50 of 3rd period - Wrist shot by Trevor Daley.
3:50 of 3rd period - Stopped by Jeff Frazee with a rebound.
3:54 of 3rd period - Wrist shot by Konstantin Pushkarev.
3:54 of 3rd period - Shot Misses the Net.
4:11 of 3rd period - Off-side.
4:12 of 3rd period - Kevin Porter wins face-off versus Philip DeSimone in neutral zone.
4:21 of 3rd period - Wrist shot by Nick Schultz.
4:21 of 3rd period - Stopped by Cory Schneider with a rebound.
4:23 of 3rd period - Wrist shot by Jan Hejda.
4:23 of 3rd period - Deflect By Philip DeSimone.
4:23 of 3rd period - Shot Misses the Net.
4:23 of 3rd period - Puck is out of play.
4:24 of 3rd period - Jarod Palmer wins face-off versus Andrew Cogliano in Sasquatch zone.
4:29 of 3rd period - Snap shot by Eric Boulton.
4:29 of 3rd period - Shot Blocked by Tomas Kurka.
4:31 of 3rd period - Snap shot by Jarod Palmer.
4:31 of 3rd period - Stopped by Cory Schneider with a rebound.
4:33 of 3rd period - Slapshot by Jan Hejda.
4:33 of 3rd period - Shot Misses the Net.
4:35 of 3rd period - Slapshot by Nick Schultz.
4:35 of 3rd period - Deflect By Brian Lee.
4:35 of 3rd period - Stopped by Cory Schneider without a rebound.
4:36 of 3rd period - Pasi Salonen wins face-off versus Andrew Cogliano in Sasquatch zone.
5:10 of 3rd period - Wrist shot by Kevin Porter.
5:10 of 3rd period - Stopped by Jeff Frazee without a rebound.
5:11 of 3rd period - Cédric Lalonde-McNicoll wins face-off versus Kevin Porter in National zone.
5:20 of 3rd period - Slapshot by Cody Franson.
5:20 of 3rd period - Deflect By Kevin Porter.
5:20 of 3rd period - Shot Misses the Net.
5:20 of 3rd period - Puck is out of play.
5:21 of 3rd period - Guillaume Desbiens wins face-off versus Matt Ellison in National zone.
5:49 of 3rd period - Icing by Cody Franson.
5:50 of 3rd period - Kevin Porter wins face-off versus Jarod Palmer in Sasquatch zone.
6:10 of 3rd period - Slapshot by Mark Giordano.
6:10 of 3rd period - Stopped by Jeff Frazee without a rebound.
6:11 of 3rd period - Philip DeSimone wins face-off versus Andrew Cogliano in National zone.
6:20 of 3rd period - Wrist shot by Pasi Salonen.
6:20 of 3rd period - Shot Misses the Net.
6:22 of 3rd period - Slapshot by Nick Schultz.
6:22 of 3rd period - Shot Blocked by Steve Bernier.
6:36 of 3rd period - Jonathan Cheechoo is hit by Brian Lee and loses puck.
7:03 of 3rd period - Slapshot by Aaron Voros.
7:03 of 3rd period - Stopped by Jeff Frazee with a rebound.
7:20 of 3rd period - Minor Penalty to Matt Ellison for Roughing.
7:21 of 3rd period - Andrew Cogliano wins face-off versus Jarod Palmer in Sasquatch zone.
7:30 of 3rd period - Slapshot by Nick Schultz.
7:30 of 3rd period - Deflect By Brian Lee.
7:30 of 3rd period - Stopped by Cory Schneider without a rebound.
7:31 of 3rd period - Jarod Palmer wins face-off versus Andrew Cogliano in Sasquatch zone.
7:38 of 3rd period - Slapshot by Jan Hejda.
7:38 of 3rd period - Stopped by Cory Schneider with a rebound.
7:42 of 3rd period - Wrist shot by Eric Boulton.
7:42 of 3rd period - Shot Misses the Net.
7:44 of 3rd period - Snap shot by Eric Boulton.
7:44 of 3rd period - Shot Blocked by Brandon Yip.
7:48 of 3rd period - Snap shot by Eric Boulton.
7:48 of 3rd period - Shot Blocked by Trevor Daley.
7:50 of 3rd period - Slapshot by Jan Hejda.
7:50 of 3rd period - National goal is going for a video replay.
7:50 of 3rd period - The goal is refused. The puck has been kicked using a distinct kicking motion..
7:51 of 3rd period - Guillaume Desbiens wins face-off versus Andrew Cogliano in Sasquatch zone.
7:58 of 3rd period - Wrist shot by Jan Hejda.
7:58 of 3rd period - Deflect By Guillaume Desbiens.
7:58 of 3rd period - Stopped by Cory Schneider with a rebound.
8:00 of 3rd period - Snap shot by Cédric Lalonde-McNicoll.
8:00 of 3rd period - Shot Misses the Net.
8:02 of 3rd period - Slapshot by Jan Hejda.
8:02 of 3rd period - Stopped by Cory Schneider without a rebound.
8:03 of 3rd period - Jarod Palmer wins face-off versus Andrew Cogliano in Sasquatch zone.
9:05 of 3rd period - Jonathan Cheechoo is hit by Andreas Karlsson and loses puck.
9:20 of 3rd period - Penalty to Matt Ellison is over, Matt Ellison is back on ice.
9:37 of 3rd period - Slapshot by Ryan Wilson.
9:37 of 3rd period - Deflect By Linus Omark.
9:37 of 3rd period - Shot Blocked by Ben Maxwell.
9:37 of 3rd period - Puck is out of play.
9:38 of 3rd period - Jiri Novotny wins face-off versus Ben Maxwell in National zone.
9:43 of 3rd period - Snap shot by Konstantin Pushkarev.
9:43 of 3rd period - Deflect By Jiri Novotny.
9:43 of 3rd period - Shot Blocked by Ty Wishart.
9:43 of 3rd period - Puck is out of play.
9:44 of 3rd period - Jiri Novotny wins face-off versus Ben Maxwell in National zone.
10:04 of 3rd period - Icing by Konstantin Pushkarev.
10:05 of 3rd period - Aaron Voros wins face-off versus Cédric Lalonde-McNicoll in Sasquatch zone.
10:20 of 3rd period - Snap shot by Cody Franson.
10:20 of 3rd period - Deflect By Mathieu Carle.
10:20 of 3rd period - Stopped by Jeff Frazee with a rebound.
11:02 of 3rd period - Wrist shot by Matt Ellison.
11:02 of 3rd period - Shot Misses the Net.
11:07 of 3rd period - Minor Penalty to Matt Ellison for Hooking.
11:08 of 3rd period - Jarod Palmer wins face-off versus Andrew Cogliano in Sasquatch zone.
11:09 of 3rd period - Slapshot by Nick Schultz.
11:09 of 3rd period - Shot Misses the Net.
11:11 of 3rd period - Slapshot by Eric Boulton.
11:11 of 3rd period - Goal by Eric Boulton - Sasquatch : 4 - National : 4.
11:12 of 3rd period - Jarod Palmer wins face-off versus Andrew Cogliano in neutral zone.
11:28 of 3rd period - Minor Penalty to Eric Boulton for Roughing.
11:29 of 3rd period - Philip DeSimone wins face-off versus Steve Bernier in National zone.
11:35 of 3rd period - Minor Penalty to Nick Schultz for Holding.
11:36 of 3rd period - Andrew Cogliano wins face-off versus Philip DeSimone in National zone.
11:39 of 3rd period - Snap shot by Linus Omark.
11:39 of 3rd period - Stopped by Jeff Frazee with a rebound.
11:49 of 3rd period - Slapshot by Jan Hejda.
11:49 of 3rd period - Deflect By Linus Omark.
11:49 of 3rd period - Stopped by Cory Schneider without a rebound.
11:50 of 3rd period - Andrew Cogliano wins face-off versus Philip DeSimone in Sasquatch zone.
11:56 of 3rd period - Snap shot by Mark Giordano.
11:56 of 3rd period - Stopped by Jeff Frazee without a rebound.
11:57 of 3rd period - Andrew Cogliano wins face-off versus Philip DeSimone in National zone.
12:02 of 3rd period - Snap shot by Linus Omark.
12:02 of 3rd period - Shot Misses the Net.
12:10 of 3rd period - Wrist shot by Andrew Cogliano.
12:10 of 3rd period - Goal by Andrew Cogliano - Sasquatch : 5 - National : 4.
12:11 of 3rd period - Steve Bernier wins face-off versus Eric Boulton in neutral zone.
12:18 of 3rd period - Wrist shot by Linus Omark.
12:18 of 3rd period - Shot Blocked by Jan Hejda.
12:36 of 3rd period - Snap shot by Tomas Kurka.
12:36 of 3rd period - Stopped by Jeff Frazee without a rebound.
12:37 of 3rd period - Kevin Porter wins face-off versus Eric Boulton in National zone.
12:55 of 3rd period - Off-side.
12:56 of 3rd period - Andrew Cogliano wins face-off versus Jonathan Cheechoo in neutral zone.
12:58 of 3rd period - Off-side.
12:59 of 3rd period - Jonathan Cheechoo wins face-off versus Andrew Cogliano in neutral zone.
13:02 of 3rd period - Slapshot by Jan Hejda.
13:02 of 3rd period - Shot Misses the Net.
13:35 of 3rd period - Penalty to Nick Schultz is over, Nick Schultz is back on ice.
13:56 of 3rd period - Minor Penalty to Cody Franson for Holding.
13:57 of 3rd period - Andrew Cogliano wins face-off versus Jarod Palmer in Sasquatch zone.
13:57 of 3rd period - Andrew Cogliano is hit by Nick Schultz.
15:30 of 3rd period - Jan Hejda is hit by Aaron Voros and loses puck.
15:52 of 3rd period - William Colbert is hit by Andreas Karlsson and loses puck.
15:56 of 3rd period - Penalty to Cody Franson is over, Cody Franson is back on ice.
16:37 of 3rd period - Philip DeSimone is hit by Linus Omark and loses puck.
17:38 of 3rd period - William Colbert is hit by Tomas Kurka and loses puck.
18:21 of 3rd period - Wrist shot by Andreas Karlsson.
18:21 of 3rd period - Shot Blocked by William Colbert.
18:55 of 3rd period - Snap shot by Igor Makarov.
18:55 of 3rd period - Stopped by Cory Schneider without a rebound.
18:56 of 3rd period - Ron Wilson call a timeout for National.
18:56 of 3rd period - Steve Bernier wins face-off versus Jonathan Cheechoo in Sasquatch zone.
19:04 of 3rd period - Jan Hejda is hit by Brian Lee and loses puck.
19:13 of 3rd period - Wrist shot by Brandon Yip.
19:13 of 3rd period - Shot Misses the Net.
19:15 of 3rd period - Wrist shot by Mark Giordano.
19:15 of 3rd period - Shot Misses the Net.
19:17 of 3rd period - Snap shot by Linus Omark.
19:17 of 3rd period - Shot Misses the Net.
19:19 of 3rd period - Slapshot by Steve Bernier.
19:19 of 3rd period - Goal by Steve Bernier - Sasquatch : 6 - National : 4.
19:20 of 3rd period - Andreas Karlsson wins face-off versus Ben Maxwell in neutral zone.
19:29 of 3rd period - Snap shot by Jan Hejda.
19:29 of 3rd period - Stopped by Cory Schneider without a rebound.
19:30 of 3rd period - Ben Maxwell wins face-off versus Andreas Karlsson in Sasquatch zone.
19:31 of 3rd period - Backhand shot by Eric Boulton.
19:31 of 3rd period - Stopped by Cory Schneider with a rebound.
19:33 of 3rd period - Wrist shot by Igor Makarov.
19:33 of 3rd period - Shot Misses the Net.
19:35 of 3rd period - Snap shot by Nick Schultz.
19:35 of 3rd period - Shot Blocked by Mats Zuccarello.
19:37 of 3rd period - Wrist shot by Ben Maxwell.
19:37 of 3rd period - Shot Misses the Net.
19:39 of 3rd period - Slapshot by Eric Boulton.
19:39 of 3rd period - Deflect By Ben Maxwell.
19:39 of 3rd period - Shot Blocked by Trevor Daley.
19:39 of 3rd period - Puck is out of play.
19:40 of 3rd period - Andreas Karlsson wins face-off versus Ben Maxwell in Sasquatch zone.
19:54 of 3rd period - Off-side.
19:55 of 3rd period - Kevin Porter wins face-off versus Cédric Lalonde-McNicoll in neutral zone.
19:58 of 3rd period - Slapshot by Linus Omark.
19:58 of 3rd period - Stopped by Jeff Frazee with a rebound.


Output by the SimonT Hockey Simulator (STHS) for François Prévost -- Original Page W3C XHTML 1.0 Valid
Hockey Simulator - Hockey Simulation - Hockey Manager